[ AOE2 MATCH · #458285000 ]
UnrankedTupi vs Bohemians
[ REPLAY ANALYSIS · EXTRACTED FROM THE RECORDED GAME ]
Feudal
12:40
Castle
18:41
Imperial
40:35
| APM avg | 48.7 |
| APM peak | 101 |
| eAPM avg | 22.6 |
| Villagers / military | 108 / 19 |
Focus
⚔️ 14.4% · 🌾 85.6%
Unknown (2579) ×48 · Mangonel ×13 · Fishing Ship ×10 · Trebuchet (Packed) ×4 · Archer ×2
Feudal
14:43
Castle
19:06
Imperial
37:49
| APM avg | 41.5 |
| APM peak | 105 |
| eAPM avg | 18.0 |
| Villagers / military | 151 / 32 |
Focus
⚔️ 22.2% · 🌾 77.8%
Rattan Archer ×16 · Fishing Ship ×10 · Battering Ram ×9 · Trebuchet (Packed) ×4 · Mangonel ×3
Feudal
14:47
Castle
18:21
Imperial
43:27
| APM avg | 31.3 |
| APM peak | 82 |
| eAPM avg | 21.2 |
| Villagers / military | 235 / 55 |
Focus
⚔️ 25.9% · 🌾 74.1%
Hussite Wagon ×41 · Fishing Ship ×18 · Petard ×12 · Bombard Cannon ×2
Feudal
12:49
Castle
19:42
Imperial
36:37
| APM avg | 47.8 |
| APM peak | 107 |
| eAPM avg | 26.7 |
| Villagers / military | 186 / 58 |
Focus
⚔️ 34.6% · 🌾 65.4%
Unknown (2562) ×53 · Unknown (2586) ×36 · Galley ×23 · Fire Galley ×16 · Fishing Ship ×8 · Battering Ram ×7
Feudal
13:22
Castle
25:07
Imperial
44:44
| APM avg | 50.0 |
| APM peak | 85 |
| eAPM avg | 25.4 |
| Villagers / military | 135 / 86 |
Focus
⚔️ 21.7% · 🌾 78.3%
Galley ×64 · Knight ×9 · Fishing Ship ×9 · Fire Galley ×8 · Unknown (2626) ×5 · Demolition Raft ×5
Feudal
12:31
Castle
20:27
Imperial
37:46
| APM avg | 54.3 |
| APM peak | 94 |
| eAPM avg | 27.2 |
| Villagers / military | 168 / 170 |
Focus
⚔️ 37.8% · 🌾 62.2%
Skirmisher ×78 · Fire Lancer ×78 · Fishing Ship ×15 · Unknown (2626) ×8 · Iron Pagoda ×5 · Bombard Cannon ×4
Feudal
14:45
Castle
19:43
Imperial
—
| APM avg | 49.2 |
| APM peak | 89 |
| eAPM avg | 29.0 |
| Villagers / military | 89 / 43 |
Focus
⚔️ 21.9% · 🌾 78.1%
Knight ×36 · Fishing Ship ×8 · Monk ×3 · Battering Ram ×3 · Spearman ×1
Feudal
15:33
Castle
36:39
Imperial
—
| APM avg | 21.9 |
| APM peak | 52 |
| eAPM avg | 9.1 |
| Villagers / military | 110 / 4 |
Focus
⚔️ 21.2% · 🌾 78.8%
Fishing Ship ×7 · Unknown (2550) ×6 · Mangonel ×2 · Transport Ship ×2
Match map
Initial resources + every placement click. Lines = walls · curves = elevation contours. ◆ gold · ⬟ stone · ● berries · ✦ relic · ◌ wall gap
Inputs per minute
— Rotrex - - Sauron_ator
Build order — Rotrex
First 150 of 282 actions detected
| 0:33 | Build | Town Center |
| 0:56 | Build | Dock |
| 1:00 | Build | House |
| 2:48 | Research | Loom |
| 2:49 | Research | Loom |
| 2:50 | Create | Villager (Male) |
| 2:50 | Create | Villager (Male) |
| 2:50 | Create | Villager (Male) |
| 2:51 | Create | Villager (Male) |
| 2:51 | Create | Villager (Male) |
| 3:51 | Create | Villager (Male) |
| 3:51 | Create | Villager (Male) |
| 4:44 | Create | Villager (Male) |
| 4:44 | Create | Villager (Male) |
| 5:10 | Create | Villager (Male) |
| 5:10 | Create | Villager (Male) |
| 5:14 | Build | House |
| 5:54 | Create | Fishing Ship |
| 5:54 | Create | Fishing Ship |
| 6:18 | Create | Villager (Male) |
| 6:19 | Create | Villager (Male) |
| 6:19 | Create | Villager (Male) |
| 6:19 | Create | Villager (Male) |
| 6:50 | Build | House |
| 7:11 | Create | Villager (Male) |
| 7:11 | Create | Villager (Male) |
| 7:14 | Create | Fishing Ship |
| 7:14 | Create | Fishing Ship |
| 7:33 | Create | Villager (Male) |
| 7:33 | Create | Villager (Male) |
| 7:54 | Create | Fishing Ship |
| 7:54 | Create | Fishing Ship |
| 8:04 | Create | Villager (Male) |
| 8:05 | Create | Villager (Male) |
| 8:31 | Build | House |
| 8:33 | Build | House |
| 8:57 | Create | Fishing Ship |
| 8:57 | Create | Fishing Ship |
| 9:03 | Create | Villager (Male) |
| 9:40 | Create | Villager (Male) |
| 9:55 | Build | Settlement |
| 10:01 | Create | Villager (Male) |
| 10:23 | Create | Fishing Ship |
| 10:23 | Create | Fishing Ship |
| 10:28 | Research | Feudal Age |
| 11:31 | Build | Settlement |
| 12:09 | Build | Barracks |
| 12:25 | Create | Villager (Male) |
| 12:25 | Create | Villager (Male) |
| 12:40 | Age | Feudal Age |
| 12:42 | Build | Palisade Wall |
| 13:04 | Build | House |
| 13:10 | Create | Villager (Male) |
| 13:13 | Build | Archery Range |
| 13:24 | Build | Palisade Wall |
| 13:33 | Create | Villager (Male) |
| 14:00 | Create | Villager (Male) |
| 14:10 | Create | Archer |
| 14:10 | Create | Archer |
| 14:15 | Build | House |
| 14:23 | Build | Blacksmith |
| 14:53 | Build | Palisade Wall |
| 15:22 | Create | Villager (Male) |
| 15:33 | Build | Settlement |
| 15:39 | Build | Palisade Wall |
| 16:01 | Research | Castle Age |
| 16:06 | Build | Palisade Gate |
| 16:12 | Build | Palisade Wall |
| 17:30 | Create | Villager (Male) |
| 18:41 | Age | Castle Age |
| 18:44 | Create | Villager (Male) |
| 18:45 | Create | Villager (Male) |
| 18:58 | Build | Castle |
| 19:11 | Create | Villager (Male) |
| 19:40 | Build | House |
| 19:59 | Create | Unit 2579 |
| 20:00 | Create | Unit 2579 |
| 20:00 | Create | Unit 2579 |
| 20:00 | Create | Unit 2579 |
| 20:00 | Create | Unit 2579 |
| 20:01 | Create | Unit 2579 |
| 20:01 | Create | Unit 2579 |
| 20:01 | Create | Unit 2579 |
| 20:34 | Build | Stone Wall |
| 20:40 | Build | Stone Wall |
| 20:50 | Build | Stone Wall |
| 20:54 | Create | Unit 2579 |
| 20:54 | Create | Unit 2579 |
| 21:06 | Research | Fletching |
| 21:42 | Build | Siege Workshop |
| 21:51 | Research | Double-Bit Axe |
| 21:54 | Create | Villager (Male) |
| 21:54 | Create | Villager (Male) |
| 22:13 | Create | Villager (Male) |
| 22:14 | Create | Villager (Male) |
| 23:10 | Build | Town Center |
| 23:47 | Create | Villager (Male) |
| 23:47 | Create | Villager (Male) |
| 23:48 | Create | Villager (Male) |
| 24:14 | Create | Unit 2579 |
| 24:14 | Create | Unit 2579 |
| 24:14 | Create | Unit 2579 |
| 24:17 | Create | Villager (Male) |
| 24:17 | Create | Villager (Male) |
| 24:46 | Build | Farm |
| 24:46 | Build | Farm |
| 24:47 | Build | Farm |
| 24:47 | Build | Farm |
| 24:47 | Build | Farm |
| 24:48 | Build | Farm |
| 24:48 | Build | Farm |
| 24:48 | Build | Farm |
| 24:49 | Build | Farm |
| 24:49 | Build | Farm |
| 24:49 | Build | Farm |
| 25:41 | Build | Farm |
| 25:42 | Build | Farm |
| 25:47 | Build | Castle |
| 25:58 | Create | Villager (Male) |
| 25:59 | Create | Villager (Male) |
| 26:29 | Create | Villager (Male) |
| 26:29 | Create | Villager (Male) |
| 26:34 | Build | Farm |
| 27:00 | Build | Farm |
| 27:03 | Create | Villager (Male) |
| 27:04 | Create | Villager (Male) |
| 27:28 | Create | Villager (Male) |
| 27:28 | Create | Villager (Male) |
| 27:29 | Create | Villager (Male) |
| 27:58 | Build | Farm |
| 28:00 | Create | Villager (Male) |
| 28:01 | Create | Villager (Male) |
| 28:03 | Build | Farm |
| 28:04 | Build | Farm |
| 28:04 | Build | Farm |
| 28:04 | Build | Farm |
| 28:04 | Build | Farm |
| 28:05 | Build | Farm |
| 28:21 | Create | Villager (Male) |
| 28:21 | Create | Villager (Male) |
| 28:30 | Create | Mangonel |
| 28:31 | Create | Mangonel |
| 29:06 | Create | Unit 2579 |
| 29:06 | Create | Unit 2579 |
| 29:07 | Create | Unit 2579 |
| 29:11 | Research | Padded Archer Armor |
| 29:12 | Create | Villager (Male) |
| 29:12 | Create | Villager (Male) |
| 29:13 | Create | Villager (Male) |
| 29:34 | Create | Mangonel |
Build order — Sauron_ator
First 150 of 296 actions detected
| 0:09 | Build | Town Center |
| 1:23 | Build | Dock |
| 1:54 | Build | House |
| 1:56 | Build | Palisade Wall |
| 2:33 | Create | Villager (Male) ×4 |
| 4:13 | Build | House |
| 4:14 | Create | Villager (Male) |
| 4:15 | Create | Villager (Male) |
| 4:36 | Create | Villager (Male) |
| 4:36 | Create | Villager (Male) |
| 4:38 | Create | Villager (Male) |
| 4:38 | Create | Villager (Male) |
| 5:28 | Create | Fishing Ship |
| 5:30 | Create | Villager (Male) |
| 5:54 | Create | Villager (Male) |
| 6:20 | Create | Villager (Male) ×2 |
| 6:20 | Create | Villager (Male) ×2 |
| 6:21 | Create | Villager (Male) ×2 |
| 6:38 | Create | Villager (Male) |
| 6:38 | Create | Villager (Male) |
| 6:54 | Build | House |
| 6:57 | Research | Loom |
| 6:57 | Research | Loom |
| 6:57 | Research | Loom |
| 7:00 | Create | Fishing Ship |
| 7:01 | Create | Villager (Male) ×3 |
| 7:25 | Build | House |
| 7:40 | Create | Villager (Male) |
| 7:43 | Build | Palisade Wall |
| 7:45 | Build | Palisade Wall |
| 7:52 | Create | Villager (Male) |
| 8:26 | Create | Villager (Male) |
| 8:26 | Create | Fishing Ship |
| 8:39 | Create | Villager (Male) |
| 8:43 | Create | Fishing Ship |
| 9:06 | Create | Villager (Male) |
| 9:10 | Build | Palisade Wall |
| 9:11 | Build | Palisade Wall |
| 9:20 | Build | House |
| 9:32 | Create | Villager (Male) |
| 9:32 | Create | Villager (Male) |
| 9:33 | Create | Fishing Ship |
| 9:42 | Build | Palisade Wall |
| 9:45 | Build | Palisade Wall |
| 9:48 | Create | Villager (Male) |
| 10:01 | Create | Fishing Ship |
| 10:33 | Create | Fishing Ship |
| 11:08 | Build | Mining Camp |
| 11:12 | Build | House |
| 11:34 | Build | Mining Camp |
| 11:44 | Create | Villager (Male) |
| 12:14 | Create | Fishing Ship |
| 12:27 | Research | Feudal Age |
| 13:12 | Create | Fishing Ship |
| 13:12 | Create | Fishing Ship |
| 13:39 | Build | Mill |
| 13:52 | Build | House |
| 14:43 | Age | Feudal Age |
| 14:45 | Create | Villager (Male) |
| 14:50 | Build | Market |
| 14:59 | Build | House |
| 15:15 | Create | Villager (Male) |
| 15:19 | Build | Blacksmith |
| 16:26 | Research | Castle Age |
| 16:26 | Research | Castle Age |
| 16:27 | Research | Castle Age |
| 16:29 | Build | Mining Camp |
| 16:51 | Build | Lumber Camp |
| 16:53 | Research | Horse Collar |
| 16:53 | Research | Horse Collar |
| 17:23 | Research | Double-Bit Axe |
| 17:23 | Research | Double-Bit Axe |
| 17:23 | Research | Double-Bit Axe |
| 18:13 | Build | Outpost |
| 19:06 | Build | Palisade Wall |
| 19:06 | Age | Castle Age |
| 19:29 | Build | Castle |
| 19:41 | Create | Villager (Male) |
| 19:42 | Create | Villager (Male) |
| 20:03 | Create | Villager (Male) |
| 20:09 | Build | Siege Workshop |
| 20:31 | Create | Villager (Male) |
| 20:35 | Build | Farm |
| 20:37 | Build | Farm |
| 21:10 | Build | Town Center |
| 21:15 | Create | Mangonel |
| 21:17 | Create | Villager (Male) |
| 21:40 | Create | Villager (Male) |
| 22:11 | Create | Villager (Male) |
| 22:11 | Create | Villager (Male) |
| 22:14 | Build | Farm |
| 22:17 | Build | Farm |
| 22:18 | Build | Farm |
| 22:21 | Build | Farm |
| 22:52 | Create | Villager (Male) |
| 22:54 | Build | Farm |
| 22:57 | Build | Farm |
| 23:09 | Create | Mangonel |
| 23:37 | Create | Villager (Male) |
| 23:38 | Create | Villager (Male) |
| 23:48 | Build | Farm |
| 23:58 | Create | Villager (Male) |
| 24:11 | Build | Farm |
| 24:14 | Build | Farm |
| 24:15 | Create | Villager (Male) |
| 24:21 | Create | Villager (Male) |
| 24:37 | Build | Town Center |
| 24:40 | Create | Villager (Male) |
| 24:56 | Create | Villager (Male) |
| 25:08 | Create | Villager (Male) |
| 25:17 | Create | Villager (Male) |
| 25:21 | Build | Farm |
| 25:39 | Create | Villager (Male) |
| 25:46 | Create | Villager (Male) |
| 25:50 | Create | Battering Ram |
| 25:50 | Create | Battering Ram |
| 26:13 | Create | Villager (Male) |
| 26:18 | Research | Fletching |
| 26:18 | Research | Fletching |
| 26:27 | Create | Villager (Male) |
| 26:38 | Create | Battering Ram |
| 26:48 | Create | Villager (Male) |
| 26:54 | Research | Bow Saw |
| 26:54 | Research | Bow Saw |
| 26:56 | Create | Villager (Male) |
| 27:10 | Create | Villager (Male) |
| 27:12 | Create | Villager (Male) |
| 27:31 | Create | Battering Ram |
| 27:34 | Create | Villager (Male) |
| 27:38 | Build | Farm |
| 27:40 | Build | Farm |
| 27:41 | Build | Farm |
| 27:42 | Build | Farm |
| 27:44 | Create | Villager (Male) |
| 27:54 | Create | Villager (Male) |
| 27:55 | Create | Villager (Male) |
| 27:56 | Create | Villager (Male) |
| 28:05 | Create | Villager (Male) |
| 28:11 | Build | Farm |
| 28:13 | Build | Farm |
| 28:14 | Build | Farm |
| 28:14 | Create | Villager (Male) |
| 28:19 | Build | Farm |
| 28:22 | Create | Villager (Male) |
| 28:24 | Create | Battering Ram |
| 28:26 | Create | Villager (Male) |
| 28:27 | Create | Villager (Male) |
| 28:55 | Create | Battering Ram |
| 28:56 | Create | Villager (Male) |
| 29:08 | Create | Villager (Male) |
Build order — Keishi
First 150 of 439 actions detected
| 0:07 | Build | Town Center |
| 0:39 | Build | Dock |
| 2:31 | Create | Villager (Male) ×4 |
| 3:09 | Create | Fishing Ship |
| 3:10 | Create | Fishing Ship |
| 3:10 | Create | Fishing Ship |
| 3:18 | Research | Loom |
| 3:26 | Build | House |
| 3:44 | Create | Villager (Male) ×3 |
| 3:44 | Create | Villager (Male) ×3 |
| 4:07 | Create | Fishing Ship |
| 4:07 | Create | Fishing Ship |
| 5:09 | Build | House |
| 5:12 | Build | House |
| 5:20 | Create | Villager (Male) |
| 5:21 | Create | Villager (Male) |
| 5:23 | Create | Fishing Ship |
| 5:23 | Create | Fishing Ship |
| 5:23 | Create | Fishing Ship |
| 5:47 | Create | Villager (Male) |
| 5:56 | Build | House |
| 6:31 | Create | Fishing Ship |
| 6:31 | Create | Fishing Ship |
| 6:31 | Create | Fishing Ship |
| 6:36 | Create | Villager (Male) |
| 6:36 | Create | Villager (Male) |
| 6:36 | Create | Villager (Male) |
| 6:56 | Create | Villager (Male) |
| 6:57 | Create | Villager (Male) |
| 7:01 | Create | Fishing Ship |
| 7:05 | Create | Villager (Male) |
| 7:05 | Create | Villager (Male) |
| 7:35 | Build | House |
| 8:10 | Create | Villager (Male) ×3 |
| 8:10 | Create | Villager (Male) ×3 |
| 8:13 | Create | Fishing Ship |
| 8:26 | Create | Villager (Male) |
| 8:44 | Create | Villager (Male) |
| 9:00 | Build | Palisade Wall |
| 9:10 | Create | Villager (Male) |
| 9:10 | Create | Villager (Male) |
| 9:24 | Build | Palisade Wall |
| 9:28 | Create | Villager (Male) |
| 9:28 | Create | Villager (Male) |
| 9:44 | Create | Villager (Male) |
| 9:45 | Create | Villager (Male) |
| 9:45 | Create | Villager (Male) ×2 |
| 9:45 | Create | Villager (Male) |
| 9:46 | Create | Fishing Ship |
| 9:46 | Create | Fishing Ship |
| 9:46 | Create | Fishing Ship |
| 9:47 | Create | Fishing Ship |
| 9:55 | Build | House |
| 10:39 | Create | Villager (Male) |
| 10:54 | Create | Fishing Ship |
| 11:32 | Build | House |
| 11:42 | Build | Mill |
| 12:05 | Create | Villager (Male) |
| 12:32 | Build | House |
| 12:34 | Research | Feudal Age |
| 12:47 | Build | Mining Camp |
| 14:47 | Age | Feudal Age |
| 14:51 | Create | Villager (Male) |
| 14:52 | Create | Villager (Male) |
| 14:56 | Build | Market |
| 14:59 | Build | Blacksmith |
| 15:12 | Build | Lumber Camp |
| 15:36 | Research | Castle Age |
| 15:37 | Research | Castle Age |
| 15:47 | Build | Mining Camp |
| 16:13 | Build | House |
| 16:23 | Research | Double-Bit Axe |
| 16:54 | Build | Outpost |
| 17:11 | Build | House |
| 17:13 | Build | House |
| 17:30 | Research | Town Watch |
| 17:50 | Research | Fletching |
| 17:55 | Research | Horse Collar |
| 18:21 | Age | Castle Age |
| 18:23 | Create | Villager (Male) |
| 18:26 | Build | Outpost |
| 18:52 | Create | Villager (Male) |
| 18:52 | Create | Villager (Male) |
| 19:00 | Build | Castle |
| 19:18 | Create | Villager (Male) |
| 19:24 | Research | Bow Saw |
| 19:25 | Create | Villager (Male) |
| 19:37 | Build | Lumber Camp |
| 19:59 | Build | House |
| 19:59 | Build | House |
| 20:00 | Build | House |
| 20:00 | Build | House |
| 20:06 | Create | Villager (Male) |
| 20:16 | Create | Hussite Wagon |
| 20:16 | Create | Hussite Wagon |
| 20:31 | Create | Villager (Male) |
| 20:36 | Create | Villager (Male) |
| 20:36 | Create | Villager (Male) |
| 20:58 | Create | Hussite Wagon |
| 21:06 | Create | Villager (Male) |
| 21:13 | Research | Bodkin Arrow |
| 21:21 | Create | Hussite Wagon |
| 21:25 | Create | Villager (Male) |
| 21:37 | Build | Outpost |
| 21:38 | Build | Outpost |
| 21:43 | Build | Outpost |
| 21:48 | Create | Villager (Male) |
| 21:48 | Create | Villager (Male) |
| 21:52 | Create | Hussite Wagon |
| 22:10 | Build | Town Center |
| 22:19 | Create | Hussite Wagon |
| 22:40 | Build | University |
| 22:46 | Build | House |
| 22:46 | Build | House |
| 22:46 | Build | House |
| 22:46 | Build | House |
| 22:49 | Create | Villager (Male) |
| 22:50 | Create | Villager (Male) |
| 23:37 | Create | Hussite Wagon |
| 23:37 | Create | Hussite Wagon |
| 23:37 | Create | Hussite Wagon |
| 23:42 | Create | Villager (Male) |
| 23:42 | Create | Villager (Male) |
| 23:47 | Build | Outpost |
| 23:50 | Build | Outpost |
| 23:51 | Build | Outpost |
| 23:53 | Build | Outpost |
| 23:57 | Create | Villager (Male) |
| 23:57 | Create | Villager (Male) |
| 24:03 | Build | Farm |
| 24:03 | Build | Farm |
| 24:04 | Build | Farm |
| 24:04 | Build | Farm |
| 24:04 | Build | Farm |
| 24:04 | Build | Farm |
| 24:14 | Create | Hussite Wagon |
| 24:15 | Create | Hussite Wagon |
| 24:43 | Create | Villager (Male) |
| 24:51 | Create | Villager (Male) |
| 25:05 | Create | Villager (Male) |
| 25:12 | Create | Villager (Male) |
| 25:18 | Create | Villager (Male) |
| 25:18 | Create | Villager (Male) |
| 25:35 | Create | Villager (Male) |
| 25:35 | Create | Villager (Male) |
| 25:39 | Create | Hussite Wagon |
| 25:40 | Create | Hussite Wagon |
| 25:51 | Create | Hussite Wagon |
| 25:52 | Create | Hussite Wagon |
| 25:58 | Create | Villager (Male) |
Build order — Papillon
First 150 of 497 actions detected
| 0:16 | Build | Town Center |
| 1:34 | Build | Dock |
| 1:43 | Build | House |
| 2:44 | Create | Villager (Male) |
| 2:44 | Create | Villager (Male) |
| 2:44 | Create | Villager (Male) |
| 2:44 | Create | Villager (Male) |
| 3:43 | Create | Fishing Ship |
| 3:44 | Create | Fishing Ship |
| 4:18 | Create | Villager (Male) |
| 4:18 | Create | Villager (Male) |
| 4:21 | Build | House |
| 4:51 | Research | Loom |
| 5:06 | Create | Villager (Male) |
| 5:06 | Create | Villager (Male) |
| 5:15 | Create | Fishing Ship |
| 5:36 | Create | Villager (Male) |
| 5:51 | Create | Fishing Ship |
| 6:10 | Create | Villager (Male) |
| 6:10 | Create | Villager (Male) |
| 6:10 | Create | Villager (Male) |
| 6:12 | Build | House |
| 6:37 | Create | Villager (Male) |
| 6:37 | Create | Villager (Male) |
| 6:46 | Create | Fishing Ship |
| 7:05 | Create | Villager (Male) |
| 7:05 | Create | Villager (Male) |
| 7:30 | Create | Fishing Ship |
| 7:39 | Create | Villager (Male) |
| 7:39 | Create | Villager (Male) |
| 7:50 | Create | Villager (Male) |
| 7:51 | Create | Villager (Male) |
| 7:53 | Build | House |
| 8:02 | Create | Villager (Male) |
| 8:29 | Create | Villager (Male) |
| 8:37 | Create | Fishing Ship |
| 9:03 | Create | Villager (Male) |
| 9:21 | Create | Villager (Male) |
| 9:27 | Create | Villager (Male) |
| 9:49 | Build | Settlement |
| 9:58 | Build | House |
| 10:32 | Research | Feudal Age |
| 10:32 | Research | Feudal Age |
| 11:05 | Create | Fishing Ship |
| 11:28 | Build | Dock |
| 12:43 | Create | Villager (Male) |
| 12:49 | Age | Feudal Age |
| 12:55 | Create | Fire Galley |
| 12:56 | Create | Fire Galley |
| 12:59 | Research | Double-Bit Axe |
| 13:01 | Create | Villager (Male) |
| 13:10 | Build | Settlement |
| 13:18 | Create | Villager (Male) |
| 13:33 | Build | House |
| 13:34 | Build | House |
| 13:35 | Build | House |
| 13:37 | Create | Villager (Male) |
| 13:47 | Create | Fire Galley |
| 13:47 | Create | Fire Galley |
| 14:08 | Create | Galley |
| 14:08 | Create | Galley |
| 14:17 | Create | Villager (Male) |
| 14:44 | Create | Villager (Male) |
| 15:22 | Create | Villager (Male) |
| 15:31 | Create | Villager (Male) |
| 15:35 | Build | Blacksmith |
| 15:37 | Build | Market |
| 15:41 | Create | Villager (Male) |
| 16:24 | Create | Villager (Male) |
| 16:49 | Research | Castle Age |
| 17:02 | Create | Galley |
| 17:02 | Create | Galley |
| 17:17 | Research | Fletching |
| 17:53 | Create | Galley |
| 18:07 | Create | Villager (Male) |
| 18:17 | Research | Gold Mining |
| 18:19 | Research | Horse Collar |
| 19:37 | Create | Villager (Male) |
| 19:38 | Create | Galley |
| 19:38 | Create | Galley |
| 19:39 | Build | House |
| 19:40 | Build | House |
| 19:42 | Age | Castle Age |
| 19:50 | Research | Bow Saw |
| 19:54 | Build | Town Center |
| 20:01 | Build | Town Center |
| 20:05 | Create | Villager (Male) |
| 20:18 | Research | War Galley (upgrade) |
| 20:25 | Research | Bodkin Arrow |
| 20:48 | Build | House |
| 20:54 | Build | Monastery |
| 21:11 | Create | Villager (Male) |
| 21:11 | Create | Villager (Male) |
| 21:11 | Create | Villager (Male) |
| 21:14 | Create | Villager (Male) |
| 21:33 | Create | Villager (Male) |
| 21:33 | Create | Villager (Male) |
| 21:44 | Create | Villager (Male) |
| 21:44 | Create | Villager (Male) |
| 21:45 | Create | Monk |
| 21:47 | Create | Villager (Male) |
| 21:47 | Create | Villager (Male) |
| 21:54 | Build | Farm |
| 21:55 | Build | Farm |
| 21:58 | Build | Farm |
| 22:03 | Build | House |
| 22:04 | Build | House |
| 22:19 | Create | Galley |
| 22:19 | Create | Galley |
| 22:23 | Create | Villager (Male) |
| 22:24 | Create | Villager (Male) |
| 22:44 | Create | Transport Ship |
| 22:52 | Create | Villager (Male) |
| 22:52 | Create | Villager (Male) |
| 23:09 | Create | Galley |
| 23:09 | Create | Galley |
| 23:15 | Research | Wheelbarrow |
| 23:15 | Create | Villager (Male) |
| 23:15 | Create | Villager (Male) |
| 23:16 | Create | Villager (Male) |
| 23:23 | Create | Villager (Male) |
| 23:32 | Build | House |
| 23:32 | Build | House |
| 23:33 | Build | House |
| 23:38 | Create | Villager (Male) |
| 23:38 | Create | Villager (Male) |
| 23:51 | Build | Town Center |
| 23:58 | Create | Galley |
| 23:58 | Create | Galley |
| 24:07 | Create | Villager (Male) |
| 24:07 | Create | Villager (Male) |
| 24:10 | Create | Villager (Male) |
| 24:10 | Create | Villager (Male) |
| 24:11 | Create | Villager (Male) |
| 24:11 | Create | Villager (Male) |
| 24:17 | Create | Villager (Male) |
| 24:25 | Build | Settlement |
| 24:30 | Create | Villager (Male) |
| 24:30 | Create | Villager (Male) |
| 24:51 | Create | Galley |
| 24:51 | Create | Galley |
| 24:51 | Create | Galley |
| 24:54 | Create | Villager (Male) |
| 24:54 | Create | Villager (Male) |
| 24:55 | Create | Villager (Male) |
| 25:04 | Create | Galley |
| 25:05 | Create | Galley |
| 25:09 | Create | Villager (Male) |
| 25:10 | Create | Villager (Male) |
| 25:11 | Build | House |
Build order — Haber
First 150 of 360 actions detected
| 0:12 | Build | House |
| 1:09 | Build | Town Center |
| 3:08 | Build | Dock |
| 3:34 | Create | Villager (Male) |
| 3:34 | Create | Villager (Male) |
| 3:34 | Create | Villager (Male) |
| 3:34 | Create | Villager (Male) |
| 3:50 | Create | Fishing Ship |
| 5:03 | Create | Villager (Male) |
| 5:06 | Create | Fishing Ship |
| 5:19 | Build | House |
| 5:28 | Create | Villager (Male) |
| 5:52 | Research | Loom |
| 6:10 | Create | Fishing Ship |
| 6:19 | Build | House |
| 6:33 | Create | Villager (Male) |
| 6:33 | Create | Villager (Male) |
| 6:59 | Create | Fishing Ship |
| 7:08 | Create | Villager (Male) |
| 7:29 | Create | Fishing Ship |
| 7:36 | Create | Villager (Male) |
| 8:01 | Create | Villager (Male) |
| 8:02 | Create | Villager (Male) |
| 8:07 | Build | House |
| 8:11 | Create | Fishing Ship |
| 8:18 | Create | Villager (Male) |
| 8:26 | Create | Villager (Male) |
| 8:37 | Build | House |
| 8:58 | Create | Villager (Male) |
| 9:01 | Create | Fishing Ship |
| 9:26 | Create | Villager (Male) |
| 9:58 | Create | Villager (Male) |
| 10:03 | Build | Mining Camp |
| 10:27 | Create | Villager (Male) |
| 10:49 | Create | Villager (Male) |
| 11:16 | Research | Feudal Age |
| 11:50 | Build | Dock |
| 12:31 | Create | Fishing Ship |
| 12:31 | Create | Fishing Ship |
| 12:34 | Build | House |
| 13:03 | Build | Lumber Camp |
| 13:22 | Age | Feudal Age |
| 13:24 | Research | Double-Bit Axe |
| 13:25 | Create | Villager (Male) |
| 13:25 | Create | Villager (Male) |
| 13:26 | Create | Villager (Male) |
| 13:27 | Create | Villager (Male) |
| 14:07 | Create | Galley |
| 14:07 | Create | Galley |
| 14:33 | Create | Galley |
| 14:33 | Create | Galley |
| 14:36 | Create | Villager (Male) |
| 14:54 | Build | House |
| 14:56 | Build | House |
| 15:19 | Build | Blacksmith |
| 15:22 | Create | Villager (Male) |
| 15:23 | Create | Villager (Male) |
| 15:33 | Build | House |
| 15:47 | Create | Galley |
| 15:47 | Create | Galley |
| 16:00 | Create | Villager (Male) |
| 16:10 | Create | Galley |
| 16:10 | Create | Galley |
| 16:11 | Create | Villager (Male) |
| 16:18 | Build | Palisade Wall |
| 16:22 | Research | Fletching |
| 16:33 | Research | Padded Archer Armor |
| 17:15 | Create | Galley |
| 17:15 | Create | Galley |
| 17:19 | Create | Villager (Male) |
| 17:19 | Create | Villager (Male) |
| 17:29 | Create | Fire Galley |
| 17:29 | Create | Fire Galley |
| 17:50 | Create | Demolition Raft |
| 17:50 | Create | Demolition Raft |
| 18:15 | Create | Fire Galley |
| 18:47 | Build | Dock |
| 19:04 | Create | Galley |
| 19:04 | Create | Galley |
| 19:22 | Create | Villager (Male) |
| 19:22 | Create | Villager (Male) |
| 19:25 | Build | Lumber Camp |
| 19:34 | Build | House |
| 19:58 | Create | Fire Galley |
| 19:58 | Create | Fire Galley |
| 19:59 | Create | Fire Galley |
| 20:25 | Build | House |
| 20:26 | Build | House |
| 20:32 | Create | Villager (Male) |
| 20:32 | Create | Villager (Male) |
| 20:48 | Build | Mill |
| 21:10 | Create | Galley |
| 21:10 | Create | Galley |
| 21:53 | Build | House |
| 22:02 | Build | Market |
| 22:11 | Create | Galley |
| 22:11 | Create | Galley |
| 22:29 | Build | House |
| 22:42 | Research | Castle Age |
| 22:49 | Build | Farm |
| 23:18 | Create | Galley |
| 23:18 | Create | Galley |
| 23:18 | Create | Galley |
| 23:23 | Create | Villager (Male) |
| 23:55 | Build | Dock |
| 24:16 | Create | Galley |
| 24:20 | Create | Galley |
| 24:25 | Create | Galley |
| 24:26 | Create | Galley |
| 24:40 | Research | Gold Mining |
| 24:58 | Create | Galley |
| 24:58 | Create | Galley |
| 25:07 | Age | Castle Age |
| 25:11 | Research | War Galley (upgrade) |
| 25:14 | Create | Villager (Male) |
| 25:14 | Create | Villager (Male) |
| 25:14 | Create | Villager (Male) |
| 25:19 | Build | Town Center |
| 25:27 | Build | Town Center |
| 25:35 | Research | Bodkin Arrow |
| 26:14 | Build | House |
| 26:21 | Create | Galley |
| 26:22 | Create | Galley |
| 26:22 | Create | Galley |
| 26:31 | Research | Leather Archer Armor |
| 26:32 | Create | Villager (Male) |
| 26:32 | Create | Villager (Male) |
| 26:32 | Create | Villager (Male) |
| 27:01 | Create | Galley |
| 27:01 | Create | Galley |
| 27:02 | Create | Galley |
| 27:20 | Build | Farm |
| 27:21 | Build | Farm |
| 27:45 | Create | Galley |
| 27:45 | Create | Galley |
| 27:45 | Create | Galley |
| 27:46 | Create | Galley |
| 27:54 | Create | Villager (Male) |
| 28:32 | Build | University |
| 29:03 | Create | Galley |
| 29:03 | Create | Galley |
| 29:03 | Create | Galley |
| 29:03 | Create | Galley |
| 29:05 | Create | Villager (Male) |
| 29:05 | Create | Villager (Male) |
| 29:15 | Create | Villager (Male) |
| 29:15 | Create | Villager (Male) |
| 29:36 | Research | Ballistics |
| 29:37 | Research | Careening |
| 30:12 | Create | Galley |
Build order — flu(x)2
First 150 of 490 actions detected
| 0:08 | Build | House |
| 0:28 | Build | Town Center |
| 0:47 | Build | Dock |
| 2:41 | Create | Villager (Male) |
| 2:42 | Create | Villager (Male) |
| 2:42 | Create | Villager (Male) |
| 2:42 | Create | Villager (Male) |
| 3:20 | Create | Villager (Male) |
| 3:20 | Create | Villager (Male) |
| 3:45 | Create | Fishing Ship |
| 3:45 | Create | Fishing Ship |
| 4:20 | Build | House |
| 4:32 | Build | House |
| 4:54 | Create | Villager (Male) |
| 5:11 | Create | Villager (Male) |
| 5:20 | Create | Fishing Ship |
| 5:20 | Create | Fishing Ship |
| 5:40 | Create | Villager (Male) |
| 5:59 | Build | House |
| 6:07 | Create | Villager (Male) |
| 6:07 | Create | Villager (Male) |
| 6:32 | Create | Villager (Male) |
| 6:36 | Create | Fishing Ship |
| 6:36 | Create | Fishing Ship |
| 6:57 | Create | Villager (Male) |
| 7:14 | Create | Villager (Male) |
| 7:17 | Create | Fishing Ship |
| 7:21 | Build | House |
| 7:40 | Build | Mill |
| 7:41 | Create | Villager (Male) |
| 8:02 | Create | Villager (Male) |
| 8:08 | Create | Fishing Ship |
| 8:08 | Create | Fishing Ship |
| 8:22 | Create | Villager (Male) |
| 8:40 | Build | House |
| 8:45 | Create | Villager (Male) |
| 8:52 | Create | Villager (Male) |
| 9:07 | Create | Villager (Male) |
| 9:29 | Build | House |
| 9:41 | Research | Loom |
| 10:21 | Research | Feudal Age |
| 10:46 | Build | Lumber Camp |
| 10:47 | Create | Villager (Male) |
| 11:21 | Build | Dock |
| 11:32 | Create | Villager (Male) |
| 11:44 | Build | House |
| 12:31 | Age | Feudal Age |
| 12:32 | Build | Blacksmith |
| 12:38 | Create | Unit 2626 |
| 12:38 | Create | Unit 2626 |
| 12:40 | Create | Villager (Male) |
| 12:43 | Research | Double-Bit Axe |
| 12:54 | Create | Villager (Male) |
| 12:59 | Create | Unit 2626 |
| 12:59 | Create | Unit 2626 |
| 13:14 | Build | Mill |
| 13:21 | Research | Forging |
| 13:22 | Research | Forging |
| 13:24 | Build | House |
| 13:35 | Create | Villager (Male) |
| 13:39 | Create | Unit 2626 |
| 13:39 | Create | Unit 2626 |
| 13:40 | Create | Villager (Male) |
| 13:45 | Create | Villager (Male) |
| 14:05 | Build | House |
| 14:13 | Create | Villager (Male) |
| 14:28 | Create | Unit 2626 |
| 14:28 | Create | Unit 2626 |
| 14:42 | Create | Villager (Male) |
| 14:46 | Build | House |
| 14:56 | Create | Villager (Male) |
| 15:05 | Create | Villager (Male) |
| 15:19 | Build | Market |
| 15:25 | Create | Villager (Male) |
| 15:29 | Create | Villager (Male) |
| 15:32 | Build | House |
| 15:43 | Create | Fishing Ship |
| 15:43 | Create | Fishing Ship |
| 15:59 | Create | Villager (Male) |
| 16:03 | Build | Mining Camp |
| 16:04 | Create | Villager (Male) |
| 16:11 | Build | House |
| 16:26 | Create | Fishing Ship |
| 16:27 | Create | Fishing Ship |
| 16:27 | Create | Villager (Male) |
| 16:38 | Create | Villager (Male) |
| 16:47 | Create | Villager (Male) |
| 16:51 | Create | Villager (Male) |
| 16:55 | Build | Mining Camp |
| 16:56 | Create | Villager (Male) |
| 17:08 | Create | Villager (Male) |
| 17:14 | Create | Fishing Ship |
| 17:15 | Create | Fishing Ship |
| 17:47 | Research | Castle Age |
| 17:47 | Research | Castle Age |
| 17:59 | Build | Dock |
| 18:02 | Create | Villager (Male) |
| 18:07 | Build | Barracks |
| 18:08 | Build | Barracks |
| 18:14 | Create | Villager (Male) |
| 18:30 | Research | Gold Mining |
| 18:33 | Create | Villager (Male) |
| 18:36 | Build | House |
| 18:50 | Build | House |
| 18:50 | Build | House |
| 19:01 | Research | Scale Mail Armor |
| 19:01 | Research | Scale Mail Armor |
| 19:16 | Build | Barracks |
| 19:17 | Build | Palisade Wall |
| 19:35 | Create | Villager (Male) |
| 19:45 | Research | Wheelbarrow |
| 19:59 | Create | Villager (Male) |
| 20:21 | Build | House |
| 20:27 | Age | Castle Age |
| 20:30 | Create | Fire Lancer |
| 20:30 | Create | Fire Lancer |
| 20:33 | Research | Bow Saw |
| 20:34 | Research | Bow Saw |
| 20:36 | Create | Villager (Male) |
| 20:41 | Build | Siege Workshop |
| 20:42 | Create | Villager (Male) |
| 20:45 | Create | Villager (Male) |
| 20:54 | Research | War Galley (upgrade) |
| 20:54 | Research | War Galley (upgrade) |
| 20:56 | Create | Villager (Male) |
| 21:04 | Create | Villager (Male) |
| 21:07 | Create | Villager (Male) |
| 21:09 | Create | Fire Lancer |
| 21:09 | Create | Fire Lancer |
| 21:10 | Create | Villager (Male) |
| 21:20 | Build | House |
| 21:27 | Create | Villager (Male) |
| 21:39 | Create | Fire Lancer |
| 21:39 | Create | Fire Lancer |
| 21:40 | Create | Villager (Male) |
| 21:45 | Create | Iron Pagoda |
| 21:46 | Build | House |
| 21:48 | Create | Villager (Male) |
| 21:54 | Create | Fire Lancer |
| 21:54 | Create | Fire Lancer |
| 21:55 | Create | Villager (Male) |
| 22:02 | Create | Villager (Male) |
| 22:03 | Build | House |
| 22:11 | Create | Villager (Male) |
| 22:19 | Research | Tech 906 |
| 22:19 | Research | Tech 906 |
| 22:37 | Create | Villager (Male) |
| 22:50 | Create | Iron Pagoda |
| 22:51 | Create | Villager (Male) |
| 22:57 | Research | Squires |
Build order — Nitrobacter
First 150 of 248 actions detected
| 1:19 | Build | Town Center |
| 1:58 | Build | House |
| 3:13 | Create | Villager (Male) |
| 3:13 | Create | Villager (Male) |
| 3:14 | Create | Villager (Male) |
| 3:21 | Create | Villager (Male) |
| 3:21 | Create | Villager (Male) |
| 4:58 | Build | House |
| 5:17 | Create | Villager (Male) |
| 6:00 | Create | Villager (Male) |
| 6:24 | Create | Villager (Male) |
| 7:20 | Build | Dock |
| 7:23 | Create | Villager (Male) |
| 7:43 | Create | Villager (Male) |
| 7:58 | Create | Villager (Male) |
| 8:00 | Create | Fishing Ship |
| 8:03 | Build | House |
| 8:28 | Create | Villager (Male) |
| 8:38 | Create | Villager (Male) |
| 8:46 | Create | Fishing Ship |
| 8:57 | Build | Mill |
| 9:26 | Create | Villager (Male) |
| 9:32 | Create | Fishing Ship |
| 10:16 | Create | Villager (Male) |
| 10:17 | Create | Villager (Male) |
| 10:21 | Create | Fishing Ship |
| 10:25 | Build | House |
| 10:37 | Build | House |
| 10:50 | Create | Villager (Male) |
| 10:58 | Create | Fishing Ship |
| 10:58 | Create | Fishing Ship |
| 11:40 | Create | Villager (Male) |
| 11:43 | Create | Fishing Ship |
| 12:10 | Research | Loom |
| 12:28 | Research | Feudal Age |
| 12:32 | Build | Mining Camp |
| 12:44 | Build | House |
| 12:56 | Build | Palisade Wall |
| 12:57 | Build | Palisade Wall |
| 12:59 | Build | Palisade Wall |
| 13:57 | Build | Lumber Camp |
| 14:45 | Age | Feudal Age |
| 14:50 | Create | Villager (Male) |
| 14:59 | Create | Villager (Male) |
| 15:28 | Build | Market |
| 15:57 | Build | Palisade Wall |
| 16:10 | Create | Villager (Male) |
| 16:19 | Build | Blacksmith |
| 16:26 | Create | Villager (Male) |
| 16:49 | Create | Villager (Male) |
| 16:55 | Research | Gold Mining |
| 17:02 | Research | Castle Age |
| 17:27 | Build | Barracks |
| 17:38 | Research | Scale Barding Armor |
| 18:01 | Build | Palisade Wall |
| 18:03 | Build | Palisade Wall |
| 18:04 | Build | Palisade Wall |
| 18:05 | Build | Palisade Wall |
| 18:33 | Build | Palisade Wall |
| 18:34 | Build | Palisade Wall |
| 18:48 | Build | Stable |
| 18:54 | Research | Forging |
| 19:21 | Create | Spearman |
| 19:31 | Build | House |
| 19:43 | Age | Castle Age |
| 20:01 | Research | Double-Bit Axe |
| 20:03 | Create | Knight |
| 20:36 | Build | Castle |
| 20:58 | Create | Villager (Male) |
| 21:02 | Create | Knight |
| 21:05 | Build | House |
| 21:06 | Build | Palisade Wall |
| 21:21 | Build | House |
| 21:42 | Create | Villager (Male) |
| 21:57 | Create | Knight |
| 22:05 | Build | Farm |
| 22:11 | Create | Knight |
| 22:57 | Create | Knight |
| 23:09 | Create | Knight |
| 23:14 | Build | House |
| 23:14 | Build | House |
| 23:36 | Create | Villager (Male) |
| 23:46 | Build | House |
| 24:03 | Build | Farm |
| 24:04 | Build | Farm |
| 24:17 | Build | Town Center |
| 24:30 | Build | Monastery |
| 24:43 | Create | Villager (Male) |
| 24:43 | Create | Villager (Male) |
| 24:46 | Build | House |
| 24:47 | Build | House |
| 25:10 | Create | Villager (Male) |
| 25:29 | Create | Knight |
| 25:29 | Create | Knight |
| 25:45 | Build | House |
| 25:47 | Build | House |
| 25:52 | Create | Monk |
| 26:01 | Create | Fishing Ship |
| 26:18 | Create | Villager (Male) |
| 26:18 | Create | Villager (Male) |
| 26:20 | Create | Villager (Male) |
| 26:21 | Create | Villager (Male) |
| 26:26 | Build | Farm |
| 26:27 | Build | Farm |
| 26:28 | Build | Farm |
| 26:30 | Build | Farm |
| 26:36 | Build | Farm |
| 26:57 | Build | Siege Workshop |
| 27:05 | Create | Villager (Male) |
| 27:05 | Create | Villager (Male) |
| 27:05 | Create | Villager (Male) |
| 27:15 | Build | Farm |
| 27:16 | Build | Farm |
| 27:19 | Build | Farm |
| 27:21 | Create | Villager (Male) |
| 27:21 | Create | Villager (Male) |
| 27:44 | Create | Knight |
| 27:45 | Create | Knight |
| 27:45 | Create | Villager (Male) |
| 27:52 | Create | Battering Ram |
| 28:04 | Create | Villager (Male) |
| 28:12 | Create | Villager (Male) |
| 29:59 | Build | Farm |
| 30:01 | Build | Farm |
| 30:02 | Build | Farm |
| 30:04 | Create | Villager (Male) |
| 30:04 | Create | Villager (Male) |
| 30:12 | Build | Farm |
| 30:13 | Create | Villager (Male) |
| 30:13 | Create | Villager (Male) |
| 30:23 | Create | Monk |
| 30:23 | Create | Monk |
| 30:45 | Create | Villager (Male) |
| 30:46 | Create | Villager (Male) |
| 31:04 | Build | Farm |
| 31:09 | Create | Villager (Male) |
| 31:09 | Create | Villager (Male) |
| 31:09 | Create | Villager (Male) |
| 31:39 | Create | Villager (Male) |
| 31:39 | Create | Villager (Male) |
| 32:08 | Create | Villager (Male) |
| 32:08 | Create | Villager (Male) |
| 32:08 | Create | Villager (Male) |
| 32:10 | Build | Farm |
| 32:27 | Build | Castle |
| 32:43 | Create | Knight |
| 32:45 | Create | Villager (Male) |
| 33:00 | Create | Knight |
| 33:05 | Create | Villager (Male) |
| 33:28 | Create | Villager (Male) |
Build order — nagatsuki14
First 150 of 183 actions detected
| 0:28 | Build | Town Center |
| 1:38 | Build | Dock |
| 2:41 | Build | House |
| 3:07 | Create | Villager (Male) |
| 3:07 | Create | Villager (Male) |
| 3:18 | Create | Villager (Male) |
| 3:50 | Create | Villager (Male) |
| 4:23 | Create | Fishing Ship |
| 4:48 | Research | Loom |
| 4:57 | Create | Fishing Ship |
| 4:58 | Create | Villager (Male) |
| 6:18 | Create | Villager (Male) |
| 6:28 | Create | Villager (Male) |
| 6:28 | Create | Villager (Male) |
| 7:03 | Build | Settlement |
| 7:07 | Create | Villager (Male) |
| 7:07 | Create | Villager (Male) |
| 7:08 | Create | Villager (Male) |
| 7:42 | Create | Villager (Male) |
| 7:42 | Create | Villager (Male) |
| 7:55 | Create | Fishing Ship |
| 8:08 | Create | Villager (Male) |
| 8:09 | Create | Villager (Male) |
| 8:28 | Create | Villager (Male) |
| 8:28 | Create | Villager (Male) |
| 8:45 | Create | Fishing Ship |
| 8:53 | Create | Villager (Male) |
| 8:54 | Create | Villager (Male) |
| 8:54 | Create | Villager (Male) |
| 9:25 | Create | Villager (Male) |
| 9:25 | Create | Villager (Male) |
| 9:40 | Create | Fishing Ship |
| 9:45 | Create | Villager (Male) |
| 9:55 | Create | Villager (Male) |
| 10:23 | Build | Settlement |
| 10:27 | Create | Villager (Male) |
| 10:56 | Create | Villager (Male) |
| 11:12 | Build | Settlement |
| 11:19 | Create | Villager (Male) |
| 11:38 | Create | Villager (Male) |
| 11:52 | Create | Villager (Male) |
| 12:03 | Create | Villager (Male) |
| 12:22 | Create | Villager (Male) |
| 12:46 | Build | Barracks |
| 12:50 | Create | Villager (Male) |
| 13:04 | Research | Feudal Age |
| 13:21 | Build | Palisade Wall |
| 13:23 | Build | Palisade Wall |
| 13:26 | Build | Palisade Wall |
| 13:27 | Build | Palisade Wall |
| 14:05 | Create | Villager (Male) |
| 14:28 | Build | Settlement |
| 14:48 | Create | Unit 2550 |
| 14:48 | Create | Unit 2550 |
| 14:49 | Create | Unit 2550 |
| 14:53 | Create | Villager (Male) |
| 15:20 | Create | Villager (Male) |
| 15:33 | Age | Feudal Age |
| 15:40 | Build | Watch Tower |
| 15:49 | Build | House |
| 15:51 | Build | House |
| 15:53 | Build | House |
| 15:56 | Create | Villager (Male) |
| 15:56 | Create | Villager (Male) |
| 16:02 | Research | Double-Bit Axe |
| 16:19 | Build | Blacksmith |
| 16:24 | Create | Villager (Male) |
| 16:24 | Create | Villager (Male) |
| 16:31 | Research | Tech 1402 |
| 16:35 | Create | Villager (Male) |
| 16:46 | Create | Fishing Ship |
| 16:47 | Create | Villager (Male) |
| 16:58 | Create | Villager (Male) |
| 17:20 | Create | Unit 2550 |
| 17:20 | Create | Unit 2550 |
| 17:22 | Research | Arson |
| 17:25 | Research | Scale Mail Armor |
| 17:26 | Create | Villager (Male) |
| 17:54 | Build | House |
| 17:57 | Create | Villager (Male) |
| 18:09 | Research | Gold Mining |
| 18:11 | Create | Villager (Male) |
| 19:23 | Create | Villager (Male) |
| 19:50 | Build | Palisade Wall |
| 20:15 | Build | Farm |
| 20:16 | Build | Farm |
| 20:17 | Build | Farm |
| 20:19 | Build | Farm |
| 20:19 | Build | Farm |
| 20:37 | Create | Villager (Male) |
| 20:43 | Build | Farm |
| 20:45 | Research | Horse Collar |
| 23:01 | Build | Dock |
| 23:38 | Create | Transport Ship |
| 23:39 | Create | Transport Ship |
| 24:50 | Build | Settlement |
| 28:40 | Build | Town Center |
| 29:03 | Research | Fletching |
| 31:29 | Research | Wheelbarrow |
| 31:31 | Create | Villager (Male) ×5 |
| 31:31 | Create | Villager (Male) ×5 |
| 31:56 | Build | Market |
| 32:38 | Build | Market |
| 33:35 | Build | Settlement |
| 33:49 | Research | Castle Age |
| 34:01 | Research | Stone Mining |
| 35:27 | Create | Villager (Male) |
| 35:28 | Create | Villager (Male) |
| 36:39 | Age | Castle Age |
| 36:39 | Research | Tech 906 |
| 36:41 | Create | Fishing Ship |
| 36:44 | Create | Villager (Male) |
| 36:45 | Create | Villager (Male) |
| 36:45 | Create | Villager (Male) |
| 37:39 | Build | Farm |
| 37:42 | Build | Farm |
| 37:45 | Build | Farm |
| 38:04 | Build | Town Center |
| 38:10 | Create | Villager (Male) |
| 38:12 | Create | Villager (Male) |
| 38:13 | Create | Villager (Male) |
| 38:21 | Research | Bow Saw |
| 38:24 | Create | Villager (Male) |
| 38:44 | Build | Castle |
| 38:55 | Create | Villager (Male) |
| 38:56 | Create | Villager (Male) |
| 38:56 | Create | Villager (Male) |
| 38:56 | Create | Villager (Male) |
| 38:57 | Create | Villager (Male) |
| 39:14 | Create | Villager (Male) |
| 39:14 | Create | Villager (Male) |
| 39:14 | Create | Villager (Male) |
| 39:14 | Create | Villager (Male) |
| 39:15 | Create | Villager (Male) |
| 39:39 | Create | Villager (Male) |
| 39:39 | Create | Villager (Male) |
| 39:40 | Create | Villager (Male) |
| 39:40 | Create | Villager (Male) |
| 40:02 | Research | Bodkin Arrow |
| 40:10 | Create | Villager (Male) |
| 40:11 | Create | Villager (Male) |
| 40:25 | Create | Villager (Male) |
| 40:25 | Create | Villager (Male) |
| 40:26 | Create | Villager (Male) |
| 40:50 | Build | Settlement |
| 41:06 | Create | Villager (Male) |
| 41:07 | Create | Villager (Male) |
| 41:13 | Create | Villager (Male) |
| 41:19 | Create | Villager (Male) |
| 41:20 | Create | Villager (Male) |
Match timeline
| 0:39 | Keishi · first_building Dock |
| 0:47 | flu(x)2 · first_building Dock |
| 0:56 | Rotrex · first_building Dock |
| 1:23 | Sauron_ator · first_building Dock |
| 1:34 | Papillon · first_building Dock |
| 1:38 | nagatsuki14 · first_building Dock |
| 1:56 | Sauron_ator · wall_segment Palisade Wall x1 |
| 3:08 | Haber · first_building Dock |
| 7:20 | Nitrobacter · first_building Dock |
| 7:43 | Sauron_ator · wall_segment Palisade Wall x8 |
| 7:45 | Sauron_ator · wall_segment Palisade Wall x7 |
| 9:00 | Keishi · wall_segment Palisade Wall x1 |
| 9:10 | Sauron_ator · wall_segment Palisade Wall x1 |
| 9:11 | Sauron_ator · wall_segment Palisade Wall x1 |
| 9:24 | Keishi · wall_segment Palisade Wall x1 |
| 9:42 | Sauron_ator · wall_segment Palisade Wall x4 |
| 9:45 | Sauron_ator · wall_segment Palisade Wall x3 |
| 12:09 | Rotrex · first_building Barracks |
| 12:31 | flu(x)2 · age_up feudal |
| 12:40 | Rotrex · age_up feudal |
| 12:42 | Rotrex · wall_segment Palisade Wall x9 |
| 12:46 | nagatsuki14 · first_building Barracks |
| 12:49 | Papillon · age_up feudal |
| 12:56 | Nitrobacter · wall_segment Palisade Wall x1 |
| 12:57 | Nitrobacter · wall_segment Palisade Wall x1 |
| 12:59 | Nitrobacter · wall_segment Palisade Wall x1 |
| 13:13 | Rotrex · first_building Archery Range |
| 13:21 | nagatsuki14 · wall_segment Palisade Wall x4 |
| 13:22 | Haber · age_up feudal |
| 13:23 | nagatsuki14 · wall_segment Palisade Wall x3 |
| 13:24 | Rotrex · wall_segment Palisade Wall x2 |
| 13:26 | nagatsuki14 · wall_segment Palisade Wall x4 |
| 13:27 | nagatsuki14 · wall_segment Palisade Wall x1 |
| 14:43 | Sauron_ator · age_up feudal |
| 14:45 | Nitrobacter · age_up feudal |
| 14:47 | Keishi · age_up feudal |
| 14:53 | Rotrex · wall_segment Palisade Wall x8 |
| 15:33 | nagatsuki14 · age_up feudal |
| 15:39 | Rotrex · wall_segment Palisade Wall x15 |
| 15:57 | Nitrobacter · wall_segment Palisade Wall x1 |
| 16:12 | Rotrex · wall_segment Palisade Wall x4 |
| 16:18 | Haber · wall_segment Palisade Wall x2 |
| 16:25 | Sauron_ator · first_market_buy 100 food |
| 16:47 | Papillon · first_market_sell 100 wood |
| 16:47 | Papillon · first_market_buy 100 food |
| 17:27 | Nitrobacter · first_building Barracks |
| 17:34 | flu(x)2 · first_market_buy 100 food |
| 18:01 | Nitrobacter · wall_segment Palisade Wall x1 |
| 18:03 | Nitrobacter · wall_segment Palisade Wall x1 |
| 18:04 | Nitrobacter · wall_segment Palisade Wall x1 |
| 18:05 | Nitrobacter · wall_segment Palisade Wall x1 |
| 18:07 | flu(x)2 · first_building Barracks |
| 18:21 | Keishi · age_up castle |
| 18:33 | Nitrobacter · wall_segment Palisade Wall x1 |
| 18:34 | Nitrobacter · wall_segment Palisade Wall x1 |
| 18:41 | Rotrex · age_up castle |
| 18:48 | Nitrobacter · first_building Stable |
| 18:58 | Rotrex · first_building Castle |
| 19:00 | Keishi · first_building Castle |
| 19:06 | Sauron_ator · age_up castle |
| 19:06 | Sauron_ator · wall_segment Palisade Wall x1 |
| 19:17 | flu(x)2 · wall_segment Palisade Wall x1 |
| 19:29 | Sauron_ator · first_building Castle |
| 19:42 | Papillon · age_up castle |
| 19:43 | Nitrobacter · age_up castle |
| 19:50 | nagatsuki14 · wall_segment Palisade Wall x1 |
| 19:59 | Nitrobacter · first_market_sell 100 wood |
| 19:59 | Nitrobacter · first_market_buy 100 food |
| 20:09 | Sauron_ator · first_building Siege Workshop |
| 20:27 | flu(x)2 · age_up castle |
| 20:34 | Rotrex · wall_segment Stone Wall x1 |
| 20:36 | Nitrobacter · first_building Castle |
| 20:40 | Rotrex · wall_segment Stone Wall x1 |
| 20:41 | flu(x)2 · first_building Siege Workshop |
| 20:50 | Rotrex · wall_segment Stone Wall x6 |
| 20:54 | Papillon · first_building Monastery |
| 21:06 | Nitrobacter · wall_segment Palisade Wall x1 |
| 21:42 | Rotrex · first_building Siege Workshop |
| 24:30 | Nitrobacter · first_building Monastery |
| 25:07 | Haber · age_up castle |
| 26:57 | Nitrobacter · first_building Siege Workshop |
| 28:17 | Papillon · tribute_sent a jugador 1 |
| 28:17 | Papillon · tribute_sent a jugador 2 |
| 28:17 | Papillon · tribute_sent a jugador 3 |
| 28:17 | Papillon · tribute_sent a jugador 5 |
| 28:17 | Papillon · tribute_sent a jugador 6 |
| 28:17 | Papillon · tribute_sent a jugador 7 |
| 28:17 | Papillon · tribute_sent a jugador 8 |
| 28:18 | Keishi · tribute_sent a jugador 1 |
| 28:18 | Keishi · tribute_sent a jugador 3 |
| 28:18 | Keishi · tribute_sent a jugador 4 |
| 28:18 | Keishi · tribute_sent a jugador 5 |
| 28:18 | Keishi · tribute_sent a jugador 6 |
| 28:18 | Keishi · tribute_sent a jugador 7 |
| 28:18 | Keishi · tribute_sent a jugador 8 |
| 29:33 | Haber · first_market_buy 100 food |
| 30:30 | flu(x)2 · first_building Monastery |
| 32:13 | flu(x)2 · first_building Castle |
| 32:35 | Sauron_ator · wall_segment Stone Wall x8 |
| 32:38 | Sauron_ator · wall_segment Stone Wall x7 |
| 33:19 | Papillon · first_building Castle |
| 34:01 | Papillon · first_building Barracks |
| 34:26 | Sauron_ator · first_building Monastery |
| 34:27 | Keishi · first_market_buy 100 stone |
| 34:35 | Papillon · first_building Archery Range |
| 35:06 | flu(x)2 · first_building Archery Range |
| 35:10 | Papillon · first_building Siege Workshop |
| 36:37 | Papillon · age_up imperial |
| 36:39 | nagatsuki14 · age_up castle |
| 37:11 | Rotrex · first_market_buy 100 food |
| 37:14 | flu(x)2 · wall_segment Stone Wall x11 |
| 37:46 | flu(x)2 · age_up imperial |
| 37:49 | Sauron_ator · age_up imperial |
| 38:44 | nagatsuki14 · first_building Castle |
| 39:18 | Haber · tribute_sent a jugador 1 |
| 39:18 | Haber · tribute_sent a jugador 2 |
| 39:18 | Haber · tribute_sent a jugador 3 |
| 39:18 | Haber · tribute_sent a jugador 4 |
| 39:18 | Haber · tribute_sent a jugador 6 |
| 39:18 | Haber · tribute_sent a jugador 7 |
| 39:18 | Haber · tribute_sent a jugador 8 |
| 39:40 | Haber · first_building Barracks |
| 40:35 | Rotrex · age_up imperial |
| 41:27 | Haber · first_building Monastery |
| 42:04 | Haber · first_building Stable |
| 43:27 | Keishi · age_up imperial |
| 44:05 | Haber · first_building Castle |
| 44:27 | Keishi · first_building Siege Workshop |
| 44:44 | Haber · age_up imperial |
| 44:51 | Haber · first_market_sell 500 wood |
| 45:02 | nagatsuki14 · first_building Siege Workshop |
| 45:06 | Rotrex · first_market_sell 100 wood |
| 45:13 | Keishi · first_building Barracks |
| 46:00 | Rotrex · resign |
[ AI ANALYSIS · 1 CREDIT ]
What really happened in this match?
Wolo.gg analyzes every decision: build order, eco, micro, common mistakes by bracket. Personalized analysis on WhatsApp or Discord in 30 seconds.
Civ guide
Tupi
Perfil
Jugador #19112979